 Dungeon Crawl Stone Soup version 0.15-a0-1866-g491fd59 (console) character file.

158 darknest the Insei (level 5, -3/27 HPs)
             Began as a Vine Stalker Monk on July 4, 2014.
             Slain by a killer bee (5 damage)
             ... on Level 4 of the Dungeon.
             The game lasted 00:06:06 (1110 turns).

darknest the Insei (Vine Stalker Monk)              Turns: 1110, Time: 00:06:06

HP  -3/27        AC  6     Str 14      XL: 5   Next: 40%
MP   0/7         EV  8     Int 10      God:
Gold 109         SH  0     Dex 17      Spells:  0 memorised,  4 levels left

rFire  . . .     SeeInvis .       - Unarmed
rCold  . . .     Clarity  .     c - +0 scale mail (curse)
rNeg   . . .     rCorr    .     (no shield)
rPois  .         rRot     +     (no helmet)
rElec  .         Spirit   +     (no cloak)
SustAb .         Warding  .     (no gloves)
rMut   .         Stasis   .     (no boots)
Gourm  .                        (no amulet)
MR     .....                    (no ring)
                                (no ring)

@: not resistant to hostile enchantments, very unstealthy
A: fangs 2, regeneration 1, magic shield, antimagic bite, no device heal 3, rot
immunity
a: no special abilities


You were on level 4 of the Dungeon.
You were hungry.

You visited 1 branch of the dungeon, and saw 4 of its levels.

You collected 109 gold pieces.

Inventory:

Hand weapons
 o - a +0 blowgun
Armour
 c - a cursed +0 scale mail (worn)
 l - a +0 chain mail
 m - a +0 ring mail
Comestibles
 b - a bread ration
 n - 5 fruits
Scrolls
 f - a scroll of enchant weapon {unknown}
 g - a scroll of fog {unknown}
 h - a scroll of remove curse
 j - 2 scrolls of noise
Jewellery
 d - an uncursed ring of teleportation
 p - an uncursed amulet of faith
Potions
 a - a potion of haste {unknown}
 e - a potion of flight
 k - a potion of heal wounds {unknown}


   Skills:
 - Level 2.6 Fighting
 - Level 2.4 Dodging
 - Level 2.4 Stealth
 + Level 6.5 Unarmed Combat


You had 4 spell levels left.
You didn't know any spells.

Dungeon Overview and Level Annotations

Branches:
Dungeon (4/15)
 Temple: D:4-7

Altars:
Trog


Innate Abilities, Weirdness & Mutations

You have extremely sharp teeth.
Your natural rate of healing is unusually fast.
When hurt, damage is shared between your health and your magic reserves.
Your bite disrupts and absorbs the magic of your enemies.
Potions and wands cannot restore your health.
You are immune to rotting.


Message History

You miss the killer bee.
The killer bee is moderately wounded.
The killer bee stings you but does no damage.
The killer bee stings you.
* * * LOW HITPOINT WARNING * * *
You miss the killer bee. Your bite misses the killer bee.
The killer bee is moderately wounded.
The killer bee stings you.
* * * LOW HITPOINT WARNING * * *
You are lethally poisoned!
The killer bee poisons you!
Drink which item? (? for menu, Esc to quit)
You feel better. The killer bee completely misses you.
The killer bee stings you but does no damage.
You barely miss the killer bee. Your bite misses the killer bee.
The killer bee is moderately wounded.
The killer bee stings you.
* * * LOW HITPOINT WARNING * * *
The killer bee stings you.
You die...

##.######...#.#
#.#.......[#.#
#.#.###......#
.#.# #...####.#
#.# #........#
#.###..#######
#......#
#.##########...###
#...y@.# #.....#
######.# ##..#.#
#.# ####.# #.# #.#
#.# #.# #.# #.#
#.# #.#
#.#########.#
#...........#


You could see a killer bee.

Vanquished Creatures
  Purgy (D:3)
  2 adders
  2 worms
  An ooze (D:3)
  A bat (D:1)
  A goblin (D:2)
  5 hobgoblins
  2 jackals (D:2)
  7 kobolds
  3 quokkas
  A giant cockroach (D:2)
  3 giant geckos
  3 giant newts
  2 rats
34 creatures vanquished.

Notes
Turn   | Place    | Note
--------------------------------------------------------------
     0 | D:1      | darknest, the Vine Stalker Monk, began the quest for the Orb.
     0 | D:1      | Reached XP level 1. HP: 11/11 MP: 1/1
   218 | D:1      | Reached XP level 2. HP: 7/16 MP: 3/3
   289 | D:2      | Reached XP level 3. HP: 7/19 MP: 4/4
   443 | D:2      | Reached skill level 5 in Unarmed Combat
   480 | D:3      | Noticed a black bear
   843 | D:3      | Reached XP level 4. HP: 4/23 MP: 5/5
   910 | D:3      | Noticed Purgy
   928 | D:3      | Killed Purgy
   928 | D:3      | Reached skill level 6 in Unarmed Combat
   928 | D:3      | Reached XP level 5. HP: 3/27 MP: 4/7
   934 | D:2      | Found a bloodstained altar of Trog.
  1110 | D:4      | Slain by a killer bee

Action                   |  1- 3 |  4- 6 || total
-------------------------+-------+-------++-------
Melee: Unarmed           |    90 |    35 ||   125
  Use: Scroll            |     4 |     1 ||     5
       Potion            |       |     2 ||     2
